 Dungeon Crawl Stone Soup version 0.31-a0-986-g5e6e4ef867 (webtiles) character file.

Game seed: 3589336073532536051

204 slambat the Sneak (level 5, -2/24 HPs)
             Began as a Vine Stalker Enchanter on Nov 18, 2023.
             Was a Believer of Uskayaw.
             Slain by a gnoll
             ... wielding a +0 flail
              (5 damage)
             ... on level 4 of the Dungeon.
             The game lasted 00:10:41 (2990 turns).

slambat the Sneak (Vine Stalker Enchanter)          Turns: 2990, Time: 00:10:42

Health: -2/24      AC:  4    Str: 10    XL:     5   Next: 82%
Magic:  0/10       EV: 12    Int: 15    God:    Uskayaw [**....]
Gold:   185        SH:  0    Dex: 17    Spells: 8/10 levels left

rFire   . . .        p - +2 dagger (drain)
rCold   . . .        (no shield)
rNeg    . . .        k - +0 leather armour
rPois   .            (no helmet)
rElec   .            (no cloak)
rCorr   .            (no gloves)
SInv    .            w - +0 pair of boots
Will    .....        (no amulet)
Stlth   +++          (no ring)
HPRegen 1.04/turn    (no ring)
MPRegen 0.12/turn

%: guardian spirit
@: invisible
A: fangs 2, regeneration 1, magic shield, antimagic bite, no potion heal 2
a: Renounce Religion, Stomp, Line Pass


You were on level 4 of the Dungeon.
You worshipped Uskayaw.
Uskayaw was noncommittal.
You visited 1 branch of the dungeon, and saw 4 of its levels.

You collected 185 gold pieces.

Inventory:

Hand Weapons
 a - a +1 dagger
 p - a +2 dagger of draining (weapon)
 x - a +3 sling
Armour
 b - a +0 robe
 k - a +0 leather armour (worn)
 w - a +0 pair of boots (worn)
Wands
 o - a wand of polymorph (7)
 y - a wand of digging (7)
Scrolls
 d - 2 scrolls of revelation
 e - a scroll of identify {unknown}
 i - a scroll of immolation
 j - a scroll of torment {unknown}
 l - a scroll of vulnerability {unknown}
 m - a scroll of fog {unknown}
 n - a scroll of amnesia {unknown}
 q - 2 scrolls of noise {unknown}
 s - 2 scrolls of brand weapon {unknown}
 v - a scroll of teleportation {unknown}
Potions
 c - 2 potions of invisibility
 f - 2 potions of haste {unknown}
 g - 4 potions of curing {unknown}
 h - 3 potions of heal wounds {unknown}
 r - a potion of magic {unknown}
 t - a potion of ambrosia {unknown}
 u - a potion of lignification {unknown}


   Skills:
 + Level 2.2 Short Blades
 + Level 2.5 Dodging
 + Level 4.8 Stealth
 + Level 3.2 Spellcasting
 + Level 3.8 Hexes


You had 8 spell levels left.
You knew the following spells:

 Your Spells              Type           Power      Damage    Failure   Level
a - Ensorcelled Hibernat  Hex/Ice        16%        N/A       19%         2

Your spell library contained the following spells:

 Spells                   Type           Power      Damage    Failure   Level
 Slow                     Hex            56%        N/A       5%          1
 Confusing Touch          Hex            14%        N/A       16%         3
 Sigil of Binding         Hex            14%        N/A       16%         3
 Tukima's Dance           Hex            14%        N/A       16%         3
 Dazzling Flash           Conj/Hex       16%        N/A       34%         3
 Vampiric Draining        Necr           2%         2d6       63%         3


Dungeon Overview and Level Annotations

Branches:
Dungeon (4/15)
 Temple: D:4-7

Altars:
Makhleb
Ru
Uskayaw
Xom
Zin

Shops:
D:1 =?


Innate Abilities, Weirdness & Mutations

You have extremely sharp teeth.
Your natural rate of healing is unusually fast.
When hurt, damage is shared between your health and your magic reserves.
Your bite disrupts and absorbs the magic of your enemies.
Potions cannot restore your health.


Message History

You hit the gnoll.
The gnoll is severely wounded.
The gnoll barely misses you. x2
You barely miss the gnoll. You bite the gnoll. You drain its power.
You feel invigorated.
The gnoll is severely wounded.
The gnoll barely misses you.
The gnoll hits you from afar with a +0 halberd!
You hit the gnoll. You drain the gnoll.
You kill the gnoll!
The gnoll hits you from afar with a +0 halberd.
You can now pass through a line of other dancers.
Aiming: Ensorcelled Hibernation (safe; 19% risk of failure)
Press: ? - help, Q - select action, (/) - cycle Shift-Dir - straight line, f - gnoll
Aim: a gnoll, wielding a +0 halberd (chance to affect: 50%)
The gnoll resists with some effort.
The gnoll completely misses you. The gnoll hits you with a +0 halberd.
The gnoll hits you from afar with a +0 spear.
Things that are here:
a +0 whip; a gnoll corpse You hit the gnoll.
You drain the gnoll. You bite the gnoll. You drain its power.
You feel invigorated.
The gnoll is severely wounded.
The gnoll hits you with a +0 halberd. The gnoll hits you but does no damage.
You hit the gnoll. You drain the gnoll.
You kill the gnoll!
The gnoll hits you from afar with a +0 spear.
The gnoll hits you with a +0 spear. The gnoll hits you with a +0 flail!
* * * LOW HITPOINT WARNING * * *
Things that are here:
a +0 halberd; a gnoll corpse You barely miss the gnoll.
The gnoll hits you but does no damage.
The gnoll hits you from afar with a +0 spear.
* * * LOW HITPOINT WARNING * * *
Things that are here:
a +0 whip; a gnoll corpse You fade into invisibility!
The gnoll hits you with a +0 flail.
You die...

...8..#!..$.........#
#.#.# #.............#
8.. #.<..######...#
#.#.# #.#### #...####
...8.##.######
#.......
#.#.#........#
#...####
.8.....g####.#
#....... #.#.#.#g#
#..>#### ..8..#@#
#...# #.#..##.# #..>#
# ##. #.# #.... ..
... .[..# .[ .....
###### .###### #. #


You could see 2 gnolls.

Vanquished Creatures
  A jelly (D:4)
  An orc wizard (D:3)
  6 gnolls
  2 adders (D:4)
  A worm (D:3)
  3 dart slugs
  6 orcs (D:3)
  6 endoplasms
  2 giant cockroaches (D:1)
  3 hobgoblins
  11 kobolds
  3 quokkas
  4 ball pythons
  2 bats (D:1)
  5 goblins
  6 rats
62 creatures vanquished.

Notes
Turn   | Place    | Note
-------+----------+-------------------------------------------
     0 | D:1      | slambat the Vine Stalker Enchanter began the quest for the
                  | Orb.
     0 | D:1      | Reached XP level 1. HP: 9/9 MP: 4/4
    35 | D:1      | Reached skill level 1 in Short Blades
   117 | D:1      | You fall into a shaft and drop 1 floor!
   177 | D:1      | Reached XP level 2. HP: 13/13 MP: 6/6
   195 | D:1      | Found Evuvenk's Jewellery Boutique.
   325 | D:1      | Found Rotucah's Magic Scroll Shop.
   781 | D:1      | Reached skill level 4 in Stealth
   781 | D:1      | Reached XP level 3. HP: 13/16 MP: 3/7
  1009 | D:2      | Found a faded altar of an unknown god.
  1015 | D:2      | Prayed at the altar of an unknown god.
  1015 | D:2      | Became a worshipper of Uskayaw the Reveller
  1015 | D:2      | Reached * piety under Uskayaw
  1708 | D:3      | Found a sacrificial altar of Ru.
  1727 | D:3      | Found a hide-covered altar of Uskayaw.
  1772 | D:3      | Reached ** piety under Uskayaw
  1776 | D:3      | Learned a level 2 spell: Ensorcelled Hibernation
  1792 | D:3      | Reached XP level 4. HP: 15/21 MP: 1/9
  1795 | D:3      | Reached *** piety under Uskayaw
  1797 | D:3      | Reached **** piety under Uskayaw
  2214 | D:3      | Reached XP level 5. HP: 24/24 MP: 10/10
  2589 | D:3      | Found a shimmering altar of Xom.
  2591 | D:3      | Found a burning altar of Makhleb.
  2591 | D:3      | Found a glowing silver altar of Zin.
  2990 | D:4      | Slain by a gnoll

Illustrated notes

Levels and vault maps discovered:
D:1:      spicycebolla_green_bress_n_ham_2, layout_basic, serial_shops,
          nicolae_shop_trees, nicolae_shop_gaudy_bauble, serial_bayou_lagoon_b
D:2:      layout_basic, shapermc_ecumenical_altar_venn
D:3:      layout_basic, mainiacjoe_overflow_boulevard,
          grunt_temple_overflow_open, nicolae_uskayaw_dance_hall, wad_orctagon
D:4:      layout_loops_ring, minitemple, kennysheep_crisscross, uniq_grinder

Skill      XL: |  1  2  3  4  5 |
---------------+----------------+-----
Short Blades   | 1 2 |  2.2
Stealth        | 4 |  4.8
Dodging        | 2 |  2.5
Spellcasting   | 3 |  3.2
Hexes          | |  3.8

Action                     |  1- 3 |  4- 6 || total
---------------------------+-------+-------++-------
  Melee: Dagger            |    94 |    59 ||   153
         Bite              |    16 |    16 ||    32
         Punch             |     1 |       ||     1
   Cast: Ensorcelled Hiber |     1 |    10 ||    11
    Use: Scroll            |     2 |       ||     2
         Potion            |       |     1 ||     1
   Stab: Sleeping          |    19 |     6 ||    25
         Paralysed         |       |     1 ||     1
         Distracted        |       |     1 ||     1
 Armour: Robe              |    17 |       ||    17
         Leather armour    |    15 |    39 ||    54
  Dodge: Dodged            |    37 |    25 ||    62

Table legend: (Time is in decaauts)
 A = Elapsed time spent in this place.
 B = Non-inter-level travel time spent in this place.
 C = Inter-level travel time spent in this place.
 D = Time resting spent in this place.
 E = Time spent auto-exploring this place.
 F = Levels seen in this place.
 G = Mean time per level.
                   A        B        C        D        E       F      G
               +--------+--------+--------+--------+--------+-----+--------+
         Total |   2984 |   2814 |    170 |     15 |   2261 |   4 |  746.0 |
       Dungeon |   2984 |   2814 |    170 |     15 |   2261 |   4 |  746.0 |
               +--------+--------+--------+--------+--------+-----+--------+

Top non-repeatable levels by time:
     D:3: 1075 daAuts
     D:1: 872 daAuts
     D:2: 781 daAuts
     D:4: 255 daAuts
